 Dungeon Crawl Stone Soup version 0.15-a0-1646-g393eda0 (webtiles) character file.

92 PolkaDot the Sneak (level 4, 33/33 HPs)
             Began as a Vampire Assassin on June 21, 2014.
             Quit the game on Level 3 of the Dungeon.
             The game lasted 00:06:25 (1972 turns).

PolkaDot the Sneak (Vampire Assassin)               Turns: 1972, Time: 00:06:26

HP  33/33        AC  3     Str 10      XL: 4   Next: 35%
MP  13/13        EV 12     Int 13      God:
Gold 100         SH  0     Dex 16      Spells:  1 memorised,  0 levels left

rFire  . . .     SeeInvis +     a - +2 dagger
rCold  + + .     Clarity  .     c - +0 robe
rNeg   + + +     rCorr    .     (no shield)
rPois  +         rRot     +     (no helmet)
rElec  .         Spirit   .     d - +0 cloak
SustAb +         Warding  .     (no gloves)
rMut   .         Stasis   .     (no boots)
Gourm  .                        (no amulet)
MR     .....                    o - ring of sustain abilities
                                j - ring of magical power

@: regenerating slowly, not resistant to hostile enchantments, stealthy
A: fangs 3, see invisible, unbreathing
a: Bat Form


You were on level 3 of the Dungeon.
You were near bloodless.

You visited 1 branch of the dungeon, and saw 3 of its levels.

You collected 100 gold pieces.

Inventory:

Hand weapons
 a - a +2 dagger (weapon)
 b - a +0 blowgun
Missiles
 e - 21 poisoned needles
 f - 2 curare-tipped needles
Armour
 c - a +0 robe (worn)
 d - a +0 cloak (worn)
Magical devices
 m - a wand of random effects (16) {unknown}
 r - a wand of teleportation (3) {unknown}
Scrolls
 h - 5 scrolls of identify {unknown}
 i - 3 scrolls of amnesia {unknown}
 l - 3 scrolls of remove curse {unknown}
 p - a scroll of noise {unknown}
 q - a scroll of recharging {unknown}
Jewellery
 j - a ring of magical power (left hand)
 o - a ring of sustain abilities (right hand)
Potions
 g - a potion of blood {@w2}
 k - 3 potions of curing {unknown}
 s - 2 potions of heal wounds {unknown}
Books
 n - a book of Hinderance

   Spells                             Type                      Level
   Confusing Touch                    Hexes                        2
   *Confuse                           Hexes                        3
   Petrify                            Transmutation/Earth          4
   Leda's Liquefaction                Hexes/Earth                  4
   Metabolic Englaciation             Hexes/Ice                    5
   Summon Mana Viper                  Hexes/Summoning              5


   Skills:
 - Level 2.0 Fighting
 + Level 3.4 Short Blades
 - Level 1.5 Throwing
 - Level 1.7 Dodging
 * Level 7.4 Stealth
 + Level 0.8 Hexes


You couldn't memorise any spells.
You knew the following spells:

 Your Spells              Type           Power        Failure   Level  Hunger
c - Confuse               Hex            #.......     77%         3    ####...


Dungeon Overview and Level Annotations

Branches:
Dungeon (3/15)

Altars:
Dithmenos
Elyvilon
Sif Muna
Trog


Innate Abilities, Weirdness & Mutations

You heal slowly.
You have razor-sharp teeth.*
You have supernaturally acute eyesight.
You can survive without breathing.*


Message History

You kill the goblin!
No target in view!
No target in view!
A giant cockroach comes into view.
The giant cockroach moves out of view.
No target in view!
No target in view!
HP restored.
You now have 81 gold pieces (gained 17).
You now have 91 gold pieces (gained 10).
s - 2 purple potions (gained 1)
Found an escape hatch in the ceiling.
Found 9 gold pieces.
Found a smoky green potion.
You now have 100 gold pieces (gained 9).
You open the door.
Found a deep blue altar of Sif Muna.
There is an open door here.
There is a deep blue altar of Sif Muna here.
Are you sure you want to abandon this character and quit the game? (Confirm with "yes".)

#...#
.######.
#...# #.
#...# #.
#...# ##
#...#
#..!#
#...#
##'##
#@# ###


There were no monsters in sight!

Vanquished Creatures
  4 adders
  2 giant mites (D:3)
  An ooze (D:1)
  An orc (D:3)
  5 bats
  2 giant cockroaches (D:1)
  8 goblins
  9 hobgoblins
  4 kobolds
  A quokka (D:3)
  5 rats
42 creatures vanquished.

Notes
Turn   | Place    | Note
--------------------------------------------------------------
     0 | D:1      | PolkaDot, the Vampire Assassin, began the quest for the Orb.
     0 | D:1      | Reached XP level 1. HP: 16/16 MP: 1/1
    97 | D:1      | Reached skill level 6 in Stealth
   266 | D:1      | Reached XP level 2. HP: 22/22 MP: 1/2
   948 | D:2      | Reached XP level 3. HP: 27/27 MP: 3/3
   961 | D:2      | Found a shadowy altar of Dithmenos.
   963 | D:2      | Found a bloodstained altar of Trog.
  1006 | D:2      | Found a white marble altar of Elyvilon.
  1089 | D:2      | Reached skill level 7 in Stealth
  1545 | D:3      | Reached XP level 4. HP: 28/33 MP: 4/4
  1600 | D:3      | Learned a level 3 spell: Confuse
  1969 | D:3      | Found a deep blue altar of Sif Muna.
  1972 | D:3      | Quit the game

Action                   |  1- 3 |  4- 6 || total
-------------------------+-------+-------++-------
Melee: Dagger            |   104 |    49 ||   153
 Stab: Sleeping          |     6 |     3 ||     9
